 Dungeon Crawl Stone Soup version 0.22-a0-570-g58866f5d57 (webtiles) character file.

96 Foic the Grave Robber (level 4, -2/24 HPs)
             Began as a Deep Elf Necromancer on June 30, 2018.
             Killed by nerve-wracking pain
             ... invoked by an orc priest
              (13 damage)
             ... on level 3 of the Dungeon.
             The game lasted 00:14:07 (2560 turns).

Foic the Grave Robber (Deep Elf Necromancer)        Turns: 2560, Time: 00:14:07

Health: -2/24      AC:  2    Str:  5    XL:     4   Next: 41%
Magic:  11/13      EV: 13    Int: 21    God:
Gold:   111        SH:  0    Dex: 18    Spells: 5/13 levels left

rFire    . . .     SeeInvis .   m - +0 short sword
rCold    . . .     Gourm    .   (no shield)
rNeg     . . .     Faith    .   a - +0 robe
rPois    .         Spirit   .   (no helmet)
rElec    .         Reflect  .   (no cloak)
rCorr    .         Harm     .   (no gloves)
MR       .....                  (no boots)
Stlth    +.........             (no amulet)
HPRegen  0.08/turn              h - +3 ring of dexterity
MPRegen  0.13/turn              (no ring)

@: confused
A: no striking features
a: no special abilities


You were on level 3 of the Dungeon.
You were not hungry.

You visited 1 branch of the dungeon, and saw 3 of its levels.

You collected 111 gold pieces.

Inventory:

Hand Weapons
 m - a +0 short sword (weapon)
Missiles
 f - 32 stones (quivered)
 j - 14 sling bullets
 o - 37 bolts
 t - 19 arrows
Armour
 a - a +0 robe (worn)
Jewellery
 h - a +3 ring of dexterity (left hand)
Scrolls
 e - a scroll of teleportation
Potions
 b - 2 potions of haste {unknown}
 d - a potion of might {unknown}
 g - a potion of berserk rage {unknown}
 i - a potion of ambrosia {unknown}
 l - a potion of invisibility {unknown}
 n - 2 potions of brilliance {unknown}
 p - a potion of degeneration {unknown}
 q - a potion of cancellation {unknown}
 r - a potion of curing {unknown}
 s - a potion of agility {unknown}
Comestibles
 c - 2 rations
 k - 2 chunks of flesh


   Skills:
 + Level 2.4 Dodging
 + Level 2.4 Stealth
 + Level 5.1 Spellcasting
 + Level 6.0 Necromancy


You had 5 spell levels left.
You knew the following spells:

 Your Spells              Type           Power        Failure   Level  Hunger
a - Pain                  Necr           ####         1%          1    None
b - Animate Skeleton      Necr           N/A          1%          1    None
c - Regeneration          Chrm/Necr      ###.......   10%         3    ##.....
d - Vampiric Draining     Necr           ####......   2%          3    ##.....

Your spell library contained the following spells:

 Spells                   Type           Power        Failure   Level  Hunger
 Animate Dead             Necr           N/A          9%          4    ####...


Dungeon Overview and Level Annotations

Branches:
Dungeon (3/15)

Altars:
Dithmenos


Message History

The orc priest looks encouraged for a moment.
A puff of flame appears from out of thin air!
The puff of flame hits your adder skeleton.
Your adder skeleton is destroyed!
You hear some strange, mumbled words.
Your adder skeleton resists with significant effort.
Something closely misses your adder skeleton.
The orc hits your adder skeleton with a hand axe.
Your adder skeleton is destroyed!
The orc priest invokes the aid of Beogh against you.
Pain shoots through your body!
You hear some strange, mumbled words.
A magic dart appears from out of thin air!
The magic dart hits you!
You hear some strange, mumbled words.
You are confused.
The orc priest calls down the wrath of Beogh upon you.
Pain shoots through your body!
Ouch! That really hurt!
You die...

..##. #.. #.##... ...
...>... #.#
#.##..######.##
#.##......##..###
####.##.####.....#.. #
#..............[....#
.###.
####.###o##.######...###
..<..###......@{o..#
#....# #...<.#...###o###
##...## #...#...## #.#
##...# #..#....## #.#
#...# #. #....# #.#
###...# # ##...# #.#
#.....# #...# #.#
###.##..# ###.######.#
##...# ..# #...).##.#
##..### .##


You could see an orc priest and 2 orcs.

Vanquished Creatures
  5 adders
  A worm (D:2)
  A dart slug (D:1)
  2 leopard geckos
  An orc (D:3)
  3 bats
  10 goblins
  6 hobgoblins
  4 frilled lizards
  4 kobolds
  3 rats
40 creatures vanquished.

Vanquished Creatures (collateral kills)
  3 bats
  A giant cockroach (D:1)
  A frilled lizard (D:1)
5 creatures vanquished.

Grand Total: 45 creatures vanquished

Notes
Turn   | Place    | Note
-------+----------+-------------------------------------------
     0 | D:1      | Foic the Deep Elf Necromancer began the quest for the Orb.
     0 | D:1      | Reached XP level 1. HP: 10/10 MP: 6/6
     2 | D:1      | Learned a level 1 spell: Animate Skeleton
    11 | D:1      | Reached skill level 5 in Necromancy
   316 | D:1      | Reached XP level 2. HP: 15/15 MP: 6/8
  1216 | D:2      | Reached XP level 3. HP: 18/19 MP: 7/10
  1308 | D:2      | Found a shadowy altar of Dithmenos.
  1642 | D:2      | Learned a level 3 spell: Regeneration
  1646 | D:2      | Learned a level 3 spell: Vampiric Draining
  1986 | D:2      | Reached XP level 4. HP: 17/24 MP: 2/12
  2479 | D:3      | Reached skill level 5 in Spellcasting
  2481 | D:3      | Reached skill level 6 in Necromancy
  2560 | D:3      | Killed from afar by an orc priest

Vault maps used:
D:1:      minmay_arrival_three_doors
D:2:      lemuel_round_altar, patterned_corridor
D:3:      elyvilon_altar_4, lemuel_crystal_altar, uniq_terence

Skill      XL: |  1  2  3  4 |
---------------+-------------+-----
Necromancy     | 5 6 |  6.0
Spellcasting   | 4 5 |  5.1
Dodging        | |  2.4
Stealth        | |  2.4

Action                   |  1- 3 |  4- 6 || total
-------------------------+-------+-------++-------
Throw: Stone             |     3 |     2 ||     5
 Cast: Pain              |    57 |    12 ||    69
       Animate Skeleton  |    15 |     2 ||    17
       Regeneration      |     1 |       ||     1
       Vampiric Draining |       |     1 ||     1
  Use: Scroll            |     5 |     1 ||     6
  Eat: Chunk             |     3 |     2 ||     5
Armor: Robe              |     5 |       ||     5
Dodge: Dodged            |     5 |     1 ||     6

Table legend:
 A = Spawn XP
 B = Non-spawn XP
 C = Spawn XP percentage of total XP
 D = Spawn monster count
 E = Non-spawn monster count
 F = Spawn count percentage of total count
 G = Total turns spent on level
                    A         B        C        D         E        F      G
               +---------+---------+-------+---------+---------+-------+---------
         Total |       0 |     138 |   0.0 |       0 |      45 |   0.0 |  2560
               +---------+---------+-------+---------+---------+-------+---------
           D:1 |       0 |      35 |   0.0 |       0 |      22 |   0.0 |  1046
           D:2 |       0 |      70 |   0.0 |       0 |      19 |   0.0 |  1374
           D:3 |       0 |      33 |   0.0 |       0 |       4 |   0.0 |   140
               +---------+---------+-------+---------+---------+-------+---------
